 Dungeon Crawl Stone Soup version 0.25-a0-663-gace7076f2c (webtiles) character file.

Game seed: 1869539628418063510, levelgen mode: deterministic

653294 MisterFreud the Omniscient (level 27, -2/257 HPs)
             Began as a Gnoll Fighter on Mar 23, 2020.
             Was the Champion of Ashenzari.
             Slain by a quicksilver dragon (18 damage)
             ... on level 5 of the Realm of Zot on Mar 24, 2020.
             The game lasted 03:37:33 (61545 turns).

MisterFreud the Omniscient (Gnoll Fighter)         Turns: 61545, Time: 03:37:35

Health: -2/257     AC: 40    Str: 16    XL:     27
Magic:  18/40      EV: 31    Int: 31    God:    Ashenzari [******]
Gold:   3773       SH: 22    Dex: 21    Spells: 25/62 levels left

rFire    + + +     SeeInvis +   X - +9 demon trident (elec) (curse)
rCold    . . .     Gourm    .   c - +1 kite shield (curse)
rNeg     + + .     Faith    .   (armour currently unavailable)
rPois    ∞         Spirit   .   W - +3 helmet of Generosity {*Corrode rF+++ Int+4 Dex+4} (curse)
rElec    +         Reflect  +   J - +2 ratskin cloak {+Rats rPois rN+ Str-1 Int-1 Dex+1}
rCorr    .         Harm     .   (gloves currently unavailable)
MR       ++++.     Clarity  +   (boots currently unavailable)
Stlth    +++.......             G - +4 amulet of reflection (curse)
HPRegen  0.52/turn              u - ring of protection from magic (curse)
MPRegen  0.27/turn              O - ring "Povuca" {MR+ Int+10} (curse)

@: statue-form, contaminated, glowing, very slow
A: distributed training, fangs 1, repulsion field 1, berserk 1, clumsy 1,
deterioration 2, dopey 1, frail 1, low mp 1, screaming 1, weak 1, MP-powered
wands, strong nose
}: 3/15 runes: decaying, serpentine, silver
a: End Transformation, Curse Item, Scrying, Renounce Religion, Evoke Ratskin


You were on level 5 of the Realm of Zot.
You worshipped Ashenzari.
Ashenzari was exalted by your worship.
You were hungry.
You were a stone statue.
You visited 10 branches of the dungeon, and saw 50 of its levels.
You also visited: Ossuary, Gauntlet and Volcano.

You collected 7199 gold pieces.
You spent 3426 gold pieces at shops.

Inventory:

Hand Weapons
 R - a +9 trishula of holy wrath
 X - a cursed +9 demon trident of electrocution (weapon)
Missiles
 a - 28 javelins (quivered)
 l - 21 silver javelins
 p - 50 boomerangs
 H - a throwing net
Armour
 c - a cursed +1 kite shield (worn)
 n - a +2 pair of gloves (melded)
 w - +0 ice dragon scales (melded)
 J - the +2 ratskin cloak (worn) {+Rats rPois rN+ Str-1 Int-1 Dex+1}
   (You found it on level 5 of the Dungeon)

   It affects your strength (-1).
   It affects your intelligence (-1).
   It affects your dexterity (+1).
   It protects you from poison.
   It protects you from negative energy.
 W - the cursed +3 helmet of Generosity (worn) {*Corrode rF+++ Int+4 Dex+4}
   (You acquired it on level 5 of the Depths)

   It affects your intelligence (+4).
   It affects your dexterity (+4).
   It renders you almost immune to fire.
   It may corrode you when you take damage.
   It has a curse placed upon it.
Jewellery
 u - a cursed ring of protection from magic (left hand)
 G - a cursed +4 amulet of reflection (around neck)
 O - the cursed ring "Povuca" (right hand) {MR+ Int+10}
   (You bought it in a shop on level 1 of the Snake Pit)

   [ring of protection from magic]

   It affects your intelligence (+10).
   It affects your resistance to hostile enchantments.
   It has a curse placed upon it.
 T - the ring of Hospitality {rCorr Int+6}
   (You took it off a deep elf elementalist on level 3 of the Elven Halls)

   [ring of resist corrosion]

   It affects your intelligence (+6).
   It provides partial protection from all sources of acid and corrosion.
Wands
 b - a wand of enslavement (46)
 g - a wand of acid (5)
 i - a wand of polymorph (29)
 y - a wand of scattershot (2)
 z - a wand of paralysis (30)
 F - a wand of disintegration (71)
 L - a wand of iceblast (69)
 M - a wand of clouds (5)
 N - a wand of digging (13)
Scrolls
 e - 2 scrolls of magic mapping
 m - 9 scrolls of fog
 q - 26 scrolls of remove curse
 x - 24 scrolls of teleportation
 A - 9 scrolls of enchant armour
 D - 11 scrolls of blinking
 E - 2 scrolls of fear
Potions
 d - 2 potions of might
 j - 4 potions of magic
 o - 18 potions of curing
 r - 8 potions of heal wounds
 s - 6 potions of invisibility
 t - 9 potions of berserk rage
 v - 4 potions of cancellation
 B - 16 potions of brilliance
 Q - 6 potions of resistance
 S - 3 potions of haste
 U - 2 potions of ambrosia
 V - 14 potions of flight
Miscellaneous
 k - a fan of gales
 C - 2 sacks of spiders
 I - a phial of floods
 P - 3 boxes of beasts
 Y - a lamp of fire
 Z - a phantom mirror
Comestibles
 f - 47 rations


   Skills:
 + Level 19.1 Fighting
 + Level 18.8 Short Blades
 + Level 18.4 Long Blades
 + Level 18.4 Axes
 + Level 18.4 Maces & Flails
 + Level 18.4(22.0) Polearms
 + Level 18.4 Staves
 + Level 18.4 Slings
 + Level 18.4 Bows
 + Level 18.4 Crossbows
 + Level 18.4 Throwing
 + Level 19.1 Armour
 + Level 18.4 Dodging
 + Level 18.4 Stealth
 + Level 19.1(21.4) Shields
 + Level 18.4 Unarmed Combat
 + Level 18.4 Spellcasting
 + Level 15.8(19.7) Conjurations
 + Level 15.8(19.7) Hexes
 + Level 15.8(19.7) Charms
 + Level 15.8(19.7) Summonings
 + Level 15.8(19.7) Necromancy
 + Level 15.8(19.7) Translocations
 + Level 15.8(19.7) Transmutations
 + Level 15.8(19.7) Fire Magic
 + Level 15.8(19.7) Ice Magic
 + Level 15.8(19.7) Air Magic
 + Level 15.8(19.7) Earth Magic
 + Level 15.8(19.7) Poison Magic
 + Level 19.7 Invocations
 + Level 18.4(22.0) Evocations


You had 25 spell levels left.
You knew the following spells:

 Your Spells              Type           Power        Failure   Level  Hunger
a - Statue Form           Tmut/Erth      ########.    1%          6    None
b - Invisibility          Hex            ########     1%          6    None
c - Borgnjor's Vile Clut  Necr/Erth      ########..   0%          5    None
d - Lesser Beckoning      Tloc           ########..   0%          3    None
e - Darkness              Hex            ########..   1%          6    None
f - Irradiate             Conj/Tmut      ########..   0%          5    None
g - Aura of Abjuration    Summ           ########..   0%          5    None
h - Apportation           Tloc           ######       0%          1    None

Your spell library contained the following spells:

 Spells                   Type           Power        Failure   Level  Hunger
 Animate Skeleton         Necr           N/A          0%          1    None
 Corona                   Hex            #######      0%          1    None
 Foxfire                  Conj/Fire      ####         0%          1    None
 Freeze                   Ice            ####         0%          1    None
 Magic Dart               Conj           ####         0%          1    None
 Pain                     Necr           ####         0%          1    None
 Shock                    Conj/Air       ####         0%          1    None
 Summon Butterflies       Summ           ########     0%          1    None
 Summon Small Mammal      Summ           ####         0%          1    None
 Blink                    Tloc           N/A          0%          2    None
 Call Imp                 Summ           ########     0%          2    None
 Ensorcelled Hibernation  Hex/Ice        ######       0%          2    None
 Passwall                 Tmut/Erth      ########     0%          2    None
 Poisonous Vapours        Pois/Air       ######       0%          2    None
 Searing Ray              Conj           ######       0%          2    None
 Shroud of Golubria       Chrm/Tloc      ######       0%          2    None
 Slow                     Hex            ########     0%          2    None
 Sublimation of Blood     Necr           ########..   0%          2    None
 Swiftness                Chrm/Air       ########     0%          2    None
 Call Canine Familiar     Summ           ########     0%          3    None
 Confusing Touch          Hex            ########     0%          3    None
 Conjure Flame            Conj/Fire      ########     0%          3    None
 Dazzling Flash           Conj/Hex       ######       0%          3    None
 Frozen Ramparts          Ice            ######       0%          3    None
 Gell's Gravitas          Tloc           ########..   0%          3    None
 Ignite Poison            Fire/Tmut/Pois ########     0%          3    None
 Inner Flame              Hex/Fire       ########     0%          3    None
 Ozocubu's Armour         Chrm/Ice       ########     0%          3    None
 Portal Projectile        Hex/Tloc       ######       0%          3    None
 Recall                   Summ/Tloc      N/A          0%          3    None
 Spectral Weapon          Hex/Chrm       ########     0%          3    None
 Spider Form              Tmut/Pois      ########..   0%          3    None
 Static Discharge         Conj/Air       ########     0%          3    None
 Summon Guardian Golem    Hex/Summ       ########     0%          3    None
 Teleport Other           Tloc           ########     0%          3    None
 Tukima's Dance           Hex            ########     0%          3    None
 Airstrike                Air            ########..   0%          4    None
 Animate Dead             Necr           N/A          0%          4    None
 Cause Fear               Hex            ########..   0%          4    None
 Fulminant Prism          Conj/Hex       ########..   0%          4    None
 Hailstorm                Conj/Ice       ########     0%          4    None
 Ice Form                 Ice/Tmut       ########     0%          4    None
 Iskenderun's Mystic Bla  Conj/Tloc      ########     0%          4    None
 Leda's Liquefaction      Hex/Erth       ########..   0%          4    None
 Passage of Golubria      Tloc           N/A          0%          4    None
 Petrify                  Tmut/Erth      ########     0%          4    None
 Sticky Flame             Conj/Fire      ########     0%          4    None
 Summon Ice Beast         Ice/Summ       ########     0%          4    None
 Summon Lightning Spire   Summ/Air       ########     0%          4    None
 Alistair's Intoxication  Tmut/Pois      ########     0%          5    None
 Bolt of Magma            Conj/Fire/Erth ########..   0%          5    None
 Fireball                 Conj/Fire      ########..   0%          5    None
 Iskenderun's Battlesphe  Conj/Chrm      ########     0%          5    None
 Lightning Bolt           Conj/Air       ########..   0%          5    None
 Metabolic Englaciation   Hex/Ice        ########..   0%          5    None
 Silence                  Hex/Air        ########..   0%          5    None
 Summon Demon             Summ           ########..   0%          5    None
 Summon Forest            Summ/Tloc      ########..   0%          5    None
 Summon Mana Viper        Hex/Summ       ########     0%          5    None
 Yara's Violent Unravell  Hex/Tmut       ########..   0%          5    None
 Eringya's Noxious Bog    Tmut/Pois      ########..   1%          6    None
 Freezing Cloud           Conj/Ice/Air   ########..   1%          6    None
 Iron Shot                Conj/Erth      ########..   1%          6    None
 Ozocubu's Refrigeration  Ice            ########..   1%          6    None
 Shadow Creatures         Summ           N/A          1%          6    None
 Simulacrum               Ice/Necr       ########..   1%          6    None
 Dragon Form              Tmut           ########..   1%          7    ####...
 Haunt                    Necr/Summ      ########..   1%          7    ####...
 Orb of Destruction       Conj           ########..   1%          7    ####...
 Spellforged Servitor     Conj/Summ      ########..   1%          7    ####...
 Summon Hydra             Summ           ########..   1%          7    ####...
 Borgnjor's Revivificati  Necr           ########..   2%          8    #####..
 Controlled Blink         Tloc           N/A          2%          8    #####..
 Death's Door             Chrm/Necr      ########..   2%          8    #####..
 Infestation              Necr           ########..   2%          8    #####..
 Necromutation            Tmut/Necr      ########..   2%          8    #####..


Dungeon Overview and Level Annotations

Branches:
Dungeon (15/15)            Temple (1/1) D:5            Lair (6/6) D:11
  Swamp (4/4) Lair:4        Snake (4/4) Lair:3        Slime (0/5) Lair:5
    Orc (2/2) D:9             Elf (3/3) Orc:2        Vaults (5/5) D:13
  Crypt (0/3) Vaults:3     Depths (5/5) D:15            Zot (5/5) Depths:5
Ossuary (visited)         Volcano (visited)         Gauntlet (visited)

Altars:
Ashenzari
Cheibriados
Dithmenos
Elyvilon
Fedhas
Gozag
Hepliaklqana
Kikubaaqudgha
Makhleb
Nemelex Xobeh
Okawaru
Qazlal
Ru
Sif Muna
Trog
Uskayaw
Vehumet
Wu Jian
Xom
Yredelemnul
Zin
The Shining One
Beogh
Jiyva

Shops:
D:4 !   D:6 (   D:10 [   Orc:2 *[}*(   Elf:1 %[(=[   Elf:3 *   Snake:1 =}=*
Snake:2 =   Vaults:3 *   Depths:4 !(

Portals:
Hell: Depths:1 Depths:2 Depths:3 Depths:4 Depths:5
Abyss: Depths:4
Pandemonium: Depths:3
Ziggurat: Depths:3
Trove: Vaults:2 (give +2 gold dragon scales)

Annotations:
Lair:3 exclusion: oklob plant
Swamp:3 4 transporters, MisterT's ghost, adept HOFi
Depths:3 2 transporters, Fiahyu Evua's ghost, veteran MiBe
Zot:4 exclusion: lightning spire


Innate Abilities, Weirdness & Mutations

Your experience applies equally to all skills.
You have very sharp teeth.
Your uncanny sense of smell can sniff out nearby items.
You are surrounded by a mild repulsion field. (EV +2)
You tend to lose your temper in combat.
You are clumsy. (Dex -2)
Your body often deteriorates upon taking damage.
You are dopey. (Int -2)
You are frail. (-10% HP)
Your magical capacity is low. (-10% MP)
You occasionally shout uncontrollably at your foes.
You are weak. (Str -2)
You expend magic power (3 MP) to strengthen your wands.


Message History

The quicksilver dragon closely misses you.
The electric golem hits you.
* * * LOW HITPOINT WARNING * * *
The electric golem shocks you. You resist.
* * * LOW HITPOINT WARNING * * *
The electric golem hits you but does no damage. x2
The electric golem closely misses you. The quicksilver dragon misses you. x2
The moth of wrath completely misses you.
The electric golem hits you but does no damage.
You block the electric golem's attack.
The electric golem hits you but does no damage.
You block the electric golem's attack. The quicksilver dragon bites you!!
* * * LOW HITPOINT WARNING * * *
The quicksilver dragon completely misses you.
The moth of wrath closely misses you. The electric golem closely misses you.
The electric golem completely misses you.
You block the electric golem's attack.
The electric golem completely misses you.
The quicksilver dragon bites you!!
You die...

▓▓▓▓▓▓▓▓▓▓▓▓▓**
▓▓▓▓...^.....^...****
▓▓.................,,***
*▓..................,,,,*
*....(.^............,,^,,
*....^..8...........,,,,,
*▓.....8Dy..........,,,,,
▓▓.................,,^,,
▓▓..........^.....,,,,,
*▓.................,,,,,
*▓^.................,,,,,
*...................,,,,,
*.................^.,,,,,
**^..............!..,,,,*


You could see an electric golem, a quicksilver dragon (berserk) and a moth of
wrath.

Vanquished Creatures
  Tiamat (Zot:4)
  3 orbs of fire (Zot:5)
  A juggernaut (Depths:4)
  Mennas (Vaults:4)
  12 ancient liches
  Boris (Depths:3)
  A shard shrike (Zot:3)
  Sojobo (Depths:3)
  4 Killer Klowns
  Xtahua (Depths:5)
  A curse toe (Zot:1)
  A bone dragon (Depths:5)
  8 golden dragons
  2 large abominations (Vaults:4)
  Jory (Depths:4)
  3 electric golems
  4 titans
  23 Orb Guardians (Zot:5)
  Asterion (Snake:4)
  Rupert (Lair:4)
  19 tentacled monstrosities
  2 deep elf blademasters (Elf:3)
  6 liches
  A deep elf master archer (Elf:3)
  The ghost of utis the Devastator, an adept TeCj (Vaults:2)
  9 quicksilver dragons
  10 death cobs
  5 sphinxes
  Gastronok (D:11)
  Roxanne (Snake:3)
  A thorn hunter (Swamp:4)
  11 shadow dragons
  10 storm dragons
  Donald (Elf:2)
  9 tengu reavers
  A revenant (Depths:3)
  7 draconian monks
  7 nagarajas
  Kirke (D:14)
  8 deep elf sorcerers
  12 frost giants
  7 draconian scorchers
  2 draconian knights
  4 fire giants
  Louise (Snake:4)
  3 iron dragons (Depths:4)
  Aizul (Snake:4)
  4 deep elf elementalists (Elf:3)
  5 ghost moths
  18 vault wardens
  A draconian stormcaller (Zot:3)
  5 draconian shifters
  A curse skull (Vaults:2)
  2 caustic shrike zombies (Depths:3)
  11 ironheart preservers
  A caustic shrike skeleton (Depths:2)
  A war gargoyle (Vaults:5)
  3 draconian annihilators
  22 very ugly things
  A juggernaut skeleton (Depths:3)
  23 stone giants
  3 entropy weavers
  2 vampire knights
  12 deep elf demonologists
  10 green draconians
  7 deep elf annihilators
  6 purple draconians
  7 yellow draconians
  12 spark wasps
  12 black draconians
  8 white draconians
  10 red draconians
  An eidolon (Vaults:2)
  A minotaur (Gauntlet)
  2 merfolk javelineers
  3 deep elf death magi
  10 ettins
  6 deep elf high priests
  10 fire dragons
  A great orb of eyes (shapeshifter) (Vaults:5)
  10 yaktaur captains
  6 jiangshi (Depths:3)
  6 rakshasas
  8 great orbs of eyes
  14 ogre magi
  13 ice dragons
  26 naga warriors
  3 shambling mangroves
  2 spriggan air magi
  31 vault guards
  11 hydras
  3 catoblepae
  17 anacondas
  8 alligators
  A merfolk avatar (Lair:6)
  The ghost of BattleRest the Cleaver, a novice HOFi of Okawaru (D:9)
  3 centaur warriors
  59 two-headed ogres
  3 death knights
  23 dancing weapons
  3 vampire magi
  8 deep troll shamans
  A queen ant (Lair:6)
  5 tengu warriors
  7 spriggans
  5 orc high priests
  10 naga sharpshooters
  5 deep troll earth magi
  A storm dragon zombie (Depths:2)
  25 deep elf knights
  9 hell knights
  8 shock serpents
  4 salamander mystics
  2 iron trolls (Depths:5)
  5 skeletal warriors (D:14)
  2 storm dragon skeletons
  A fire crab (shapeshifter) (Vaults:1)
  A titan skeleton (Depths:2)
  2 spriggan druids (Swamp:4)
  2 small abominations
  A glowing orange brain (Depths:5)
  An orange crystal statue (Gauntlet)
  A golden dragon zombie (Depths:2)
  A sea snake (shapeshifter) (Vaults:4)
  9 wizards
  3 unseen horrors
  10 sea snakes
  29 deep trolls
  8 phantasmal warriors
  2 naga ritualists
  A swamp dragon (shapeshifter) (Depths:5)
  5 harpies
  8 deep elf archers
  11 ironbrand convokers
  2 harpies (shapeshifter)
  12 flayed ghosts
  A lindwurm (shapeshifter) (Depths:3)
  14 orc knights
  2 tengu zombies (Depths:3)
  5 necromancers
  A frost giant zombie (Depths:3)
  4 wolf spiders
  61 deep elf magi
  4 orc sorcerers
  21 salamanders
  2 sphinx zombies
  2 cyclopes
  4 human zombies
  9 mana vipers
  5 manticores
  44 ugly things
  A salamander (shapeshifter) (Depths:1)
  2 iron dragon skeletons (Depths:3)
  2 stone giant skeletons
  19 elephants
  2 fire giant skeletons (Depths:3)
  10 apocalypse crabs (Depths:2)
  22 moths of wrath
  2 spriggan zombies (Depths:3)
  A black mamba (shapeshifter) (Vaults:2)
  Psyche (D:12)
  10 vault sentinels
  34 black mambas
  16 guardian serpents
  A smoke demon (Depths:3)
  16 naga magi
  A torpor snail (shapeshifter) (Depths:1)
  16 spiny frogs
  A torpor snail (Lair:6)
  A frost giant skeleton (Depths:3)
  3 gargoyles
  5 spectral swamp worms (Depths:4)
  9 komodo dragons
  48 yaktaurs
  7 rime drakes
  A komodo dragon (shapeshifter) (Vaults:1)
  A demonic crawler (Lair:1)
  11 freezing wraiths
  3 kobold demonologists
  A tengu conjurer (Depths:4)
  2 red devils (Depths:3)
  3 polar bears (Lair:5)
  A hellwing (Depths:3)
  A queen bee (shapeshifter) (Vaults:5)
  4 trolls
  A queen bee (Lair:5)
  4 meliai
  49 slime creatures
  25 blink frogs
  A wind drake (Lair:5)
  8 tyrant leeches
  13 hornets
  A stone giant simulacrum (Depths:2)
  8 dream sheep
  9 hippogriffs
  9 bog bodies
  A sphinx simulacrum (Depths:2)
  3 spriggan skeletons (Depths:2)
  7 shadows
  2 tarantellas (shapeshifter)
  An air elemental (Elf:2)
  4 flying skulls (Depths:3)
  3 spriggans (shapeshifter)
  41 yaks
  20 water elementals
  7 hogs
  2 wraiths (Vaults:2)
  7 wyverns
  A vampire (D:11)
  4 fire elementals
  A human (D:8)
  7 basilisks
  An elf skeleton (Vaults:1)
  37 vampire mosquitoes
  4 hungry ghosts
  A human (shapeshifter) (Depths:4)
  4 swamp worm simulacra (Swamp:4)
  2 steam dragons
  8 wargs
  A swamp worm (shapeshifter) (Vaults:5)
  20 swamp worms
  67 nagas
  14 insubstantial wisps
  6 soldier ants (Lair:6)
  4 acid dragons
  2 floating eyes
  14 water moccasins
  7 swamp drakes
  16 hydra simulacra (Swamp:4)
  2 ogre skeletons (Vaults:1)
  3 sky beasts
  38 orc warriors
  7 porcupines
  A spriggan simulacrum (Depths:2)
  2 black bears
  9 ice beasts
  A phantom (D:7)
  2 eyes of draining
  2 black bears (shapeshifter)
  19 boggarts
  38 ogres
  13 crocodiles
  21 wolves
  8 centaurs
  16 big kobolds
  An elf simulacrum (Vaults:1)
  2 wyvern zombies
  12 bullfrogs
  3 earth elementals
  5 water moccasin zombies (Ossuary)
  4 scorpions
  A wyvern skeleton (D:14)
  13 wights
  36 killer bees
  3 howler monkeys
  A howler monkey (shapeshifter) (Vaults:5)
  4 electric eels
  6 crimson imps
  4 bullfrog zombies
  5 lava snakes (Snake:1)
  A jelly (D:10)
  A yaktaur simulacrum (Vaults:1)
  A centaur zombie (D:5)
  2 quasits
  2 bullfrog skeletons
  8 hounds
  4 centaur skeletons
  36 orc priests
  A gnoll shaman (D:5)
  37 orc wizards
  2 hell rats
  4 iguanas
  23 worker ants
  4 big kobold zombies (Ossuary)
  A hound zombie (D:8)
  3 hound skeletons
  2 mummies (Ossuary)
  10 adders
  9 gnolls
  7 river rats
  3 shadow imps
  4 swamp drake simulacra (Swamp:4)
  2 adder skeletons
  4 adder zombies (Ossuary)
  4 worms
  2 dart slugs
  5 leopard geckos
  111 orcs
  6 giant cockroaches
  12 hobgoblins
  6 jackals
  20 kobolds
  2 quokkas
  4 ball pythons
  4 bats
  3 frilled lizards
  5 gnoll zombies (Ossuary)
  5 goblins
  4 hobgoblin zombies (Ossuary)
  3 kobold zombies (Ossuary)
  5 orc zombies (Ossuary)
  17 rats
  9 crawling corpses
  A fire vortex (Depths:3)
2456 creatures vanquished.

Vanquished Creatures (others)
  A deep elf master archer (Elf:3)
  A fire giant (Depths:2)
  A draconian knight (Zot:1)
  2 stone giants (Depths:3)
  2 yaktaur captains
  A shambling mangrove (Swamp:4)
  A centaur warrior (Volcano)
  A dancing weapon (Elf:3)
  A naga sharpshooter (Snake:4)
  2 deep elf archers
  3 deep elf magi
  2 salamanders
  A spiny frog (Swamp:4)
  3 vault sentinels
  9 yaktaurs
  3 humans (D:14)
  3 orc warriors
  A swamp drake (Swamp:4)
  An ogre (D:14)
  5 centaurs
  A killer bee (D:12)
  2 orc priests (Orc:2)
  An orc wizard (Orc:2)
  A kobold (D:14)
  7 demonic plants (Gauntlet)
  7 fungi
  23 plants
86 creatures vanquished.

Grand Total: 2542 creatures vanquished

Notes
Turn   | Place    | Note
-------+----------+-------------------------------------------
     0 | D:1      | MisterFreud the Gnoll Fighter began the quest for the Orb.
     0 | D:1      | Reached XP level 1. HP: 23/23 MP: 1/1
     6 | D:1      | Noticed a black mamba
     6 | D:1      | Noticed a hound
     7 | D:1      | Noticed a polar bear
     7 | D:1      | Noticed a five-headed hydra
    94 | D:1      | Reached XP level 2. HP: 26/29 MP: 2/2
   504 | D:1      | Reached XP level 3. HP: 35/35 MP: 3/3
   752 | D:2      | Reached skill level 1 in Invocations
   831 | D:2      | Reached skill level 1 in Long Blades
   831 | D:2      | Reached skill level 1 in Axes
   831 | D:2      | Reached skill level 1 in Maces & Flails
   831 | D:2      | Reached skill level 1 in Polearms
   831 | D:2      | Reached skill level 1 in Staves
   831 | D:2      | Reached skill level 1 in Slings
   831 | D:2      | Reached skill level 1 in Bows
   831 | D:2      | Reached skill level 1 in Crossbows
   831 | D:2      | Reached skill level 1 in Throwing
   831 | D:2      | Reached skill level 1 in Dodging
   831 | D:2      | Reached skill level 1 in Stealth
   831 | D:2      | Reached skill level 1 in Unarmed Combat
   831 | D:2      | Reached skill level 1 in Spellcasting
   831 | D:2      | Reached skill level 1 in Evocations
   843 | D:2      | Reached XP level 4. HP: 27/41 MP: 5/5
   920 | D:2      | Found a shimmering altar of Xom.
   923 | D:2      | Found a shimmering altar of Xom.
   923 | D:2      | Found a shimmering altar of Xom.
   926 | D:2      | Found a shimmering altar of Xom.
   927 | D:2      | Found a shimmering altar of Xom.
   927 | D:2      | Found a shimmering altar of Xom.
   928 | D:2      | Found a shimmering altar of Xom.
  1636 | D:3      | Reached skill level 1 in Conjurations
  1636 | D:3      | Reached skill level 1 in Hexes
  1636 | D:3      | Reached skill level 1 in Charms
  1636 | D:3      | Reached skill level 1 in Summonings
  1636 | D:3      | Reached skill level 1 in Necromancy
  1636 | D:3      | Reached skill level 1 in Translocations
  1636 | D:3      | Reached skill level 1 in Transmutations
  1636 | D:3      | Reached skill level 1 in Fire Magic
  1636 | D:3      | Reached skill level 1 in Ice Magic
  1636 | D:3      | Reached skill level 1 in Air Magic
  1636 | D:3      | Reached skill level 1 in Earth Magic
  1636 | D:3      | Reached skill level 1 in Poison Magic
  2015 | D:4      | Found Joxaogui's Distillery.
  2020 | D:4      | Reached XP level 5. HP: 47/47 MP: 5/7
  2024 | D:4      | Bought a potion of curing for 30 gold pieces
  2024 | D:4      | Bought a potion of heal wounds for 50 gold pieces
  2024 | D:4      | Bought a potion of lignification for 30 gold pieces
  2024 | D:4      | Bought a potion of heal wounds for 50 gold pieces
  2079 | D:4      | Noticed a steam dragon
  2095 | D:4      | Killed a steam dragon
  2095 | D:4      | Reached XP level 6. HP: 17/53 MP: 8/8
  2400 | D:4      | Reached skill level 5 in Short Blades
  2706 | D:4      | Reached XP level 7. HP: 36/59 MP: 10/10
  3003 | D:5      | Entered Level 5 of the Dungeon
  3223 | D:5      | Reached XP level 8. HP: 54/67 MP: 12/12
  3549 | D:5      | Found a staircase to the Ecumenical Temple.
  3559 | Temple   | Entered the Ecumenical Temple
  3683 | Temple   | Became a worshipper of Ashenzari the Shackled
  4111 | D:5      | Found the +2 ratskin cloak {+Rats rPois rN+ Str-1 Int-1
                  | Dex+1}
  4591 | D:6      | Found Tojesemp's Antique Weapon Shop.
  4759 | D:6      | Reached XP level 9. HP: 46/72 MP: 14/14
  5425 | D:7      | Reached * piety under Ashenzari
  5578 | D:7      | Found an opulent altar of Gozag.
  5833 | D:8      | Found a sand-covered staircase.
  5839 | Ossuary  | Entered an ossuary
  5893 | Ossuary  | Reached skill level 5 in Invocations
  6101 | D:8      | Reached XP level 10. HP: 78/80 MP: 17/17
  6136 | D:8      | Found a sacrificial altar of Ru.
  6432 | D:8      | Reached skill level 5 in Long Blades
  6432 | D:8      | Reached skill level 5 in Axes
  6432 | D:8      | Reached skill level 5 in Maces & Flails
  6432 | D:8      | Reached skill level 5 in Polearms
  6432 | D:8      | Reached skill level 5 in Staves
  6432 | D:8      | Reached skill level 5 in Slings
  6432 | D:8      | Reached skill level 5 in Bows
  6432 | D:8      | Reached skill level 5 in Crossbows
  6432 | D:8      | Reached skill level 5 in Throwing
  6432 | D:8      | Reached skill level 5 in Dodging
  6432 | D:8      | Reached skill level 5 in Stealth
  6432 | D:8      | Reached skill level 5 in Unarmed Combat
  6432 | D:8      | Reached skill level 5 in Spellcasting
  6432 | D:8      | Reached skill level 5 in Evocations
  6521 | D:8      | Found a transporter.
  6601 | D:8      | Reached ** piety under Ashenzari
  6604 | D:8      | Found a transporter.
  7044 | D:9      | Found a staircase to the Orcish Mines.
  7070 | D:9      | Found a runed translucent gate.
  7070 | D:9      | Found a runed translucent gate.
  7071 | D:9      | Noticed a kobold demonologist
  7072 | D:9      | Found a runed translucent gate.
  7072 | D:9      | Noticed BattleRest's ghost (novice HOFi)
  7073 | D:9      | Identified the cursed +2 short sword of the Unkillable
                  | {drain, *Corrode rElec Int+4}
  7487 | D:9      | Noticed a cyclops
  7496 | D:9      | Killed a cyclops
  7740 | D:10     | Entered Level 10 of the Dungeon
  7783 | D:10     | Noticed a gargoyle
  7833 | D:10     | Noticed a guardian serpent
  7862 | D:10     | Killed a guardian serpent
  8037 | D:10     | Reached XP level 11. HP: 51/87 MP: 19/19
  8619 | D:10     | Found Zexojus's Armour Shoppe.
  9136 | D:6      | Bought a polished eveningstar for 500 gold pieces
  9136 | D:6      | Identified the +6 eveningstar of Misaepawn {vorpal, Int+3}
                  | (You bought it in a shop on level 6 of the Dungeon)
  9292 | D:11     | Reached skill level 5 in Conjurations
  9292 | D:11     | Reached skill level 5 in Hexes
  9292 | D:11     | Reached skill level 5 in Charms
  9292 | D:11     | Reached skill level 5 in Summonings
  9292 | D:11     | Reached skill level 5 in Necromancy
  9292 | D:11     | Reached skill level 5 in Translocations
  9292 | D:11     | Reached skill level 5 in Transmutations
  9292 | D:11     | Reached skill level 5 in Fire Magic
  9292 | D:11     | Reached skill level 5 in Ice Magic
  9292 | D:11     | Reached skill level 5 in Air Magic
  9292 | D:11     | Reached skill level 5 in Earth Magic
  9292 | D:11     | Reached skill level 5 in Poison Magic
  9298 | D:11     | Noticed a two-headed ogre
  9457 | D:11     | Found a stormy altar of Qazlal.
  9459 | D:11     | Reached *** piety under Ashenzari
  9647 | D:11     | Killed a two-headed ogre
  9673 | D:11     | Found a staircase to the Lair.
  9829 | D:11     | Noticed a brown ugly thing
  9832 | D:11     | Noticed Gastronok
  9857 | D:11     | Killed a brown ugly thing
  9942 | D:11     | Killed Gastronok
 10060 | Lair:1   | Entered Level 1 of the Lair of Beasts
 10205 | Lair:1   | Noticed a five-headed hydra
 10212 | Lair:1   | Killed a five-headed hydra
 10469 | Lair:1   | Reached XP level 12. HP: 96/96 MP: 22/22
 10957 | Lair:2   | Reached **** piety under Ashenzari
 10967 | Lair:2   | Found a dark tunnel.
 10992 | Volcano  | Entered a volcano
 11008 | Volcano  | Noticed a centaur warrior
 11012 | Volcano  | Found a radiant altar of Vehumet.
 11017 | Volcano  | Killed a centaur warrior
 11648 | Lair:2   | Reached skill level 10 in Fighting
 11648 | Lair:2   | Reached skill level 10 in Armour
 11648 | Lair:2   | Reached skill level 10 in Shields
 12460 | Lair:3   | Found a staircase to the Snake Pit.
 12570 | Lair:4   | Noticed Rupert
 12580 | Lair:4   | Killed Rupert
 12580 | Lair:4   | Reached XP level 13. HP: 94/103 MP: 24/24
 12942 | Lair:4   | Found a staircase to the Swamp.
 14123 | Lair:5   | Found an ornate altar of the Wu Jian Council.
 15028 | Lair:5   | Reached XP level 14. HP: 61/111 MP: 26/26
 15137 | Lair:5   | Identified the +6 shortbow of Zagar {venom, Str-5 Int+5
                  | Stlth+}
 15340 | Lair:5   | Reached ***** piety under Ashenzari
 15512 | Lair:5   | Found a staircase to the Slime Pits.
 15512 | Lair:5   | Found a viscous altar of Jiyva.
 15772 | Lair:6   | Entered Level 6 of the Lair of Beasts
 15786 | Lair:5   | Reached skill level 10 in Short Blades
 16663 | Lair:6   | Reached skill level 10 in Invocations
 16998 | Lair:6   | Noticed an entropy weaver
 17011 | Lair:6   | Killed an entropy weaver
 17064 | Lair:6   | Noticed an entropy weaver
 17085 | Lair:6   | Killed an entropy weaver
 17251 | Lair:6   | Reached XP level 15. HP: 109/119 MP: 28/28
 17603 | D:12     | Noticed Psyche
 17613 | D:12     | Killed Psyche
 18279 | D:13     | Identified the ring "Niheummo" {+Fly rPois rC+ MR+ Str-5}
 18679 | D:13     | Found a gate to the Vaults.
 19166 | D:14     | Noticed Kirke
 19196 | D:14     | Killed Kirke
 19224 | D:14     | Reached skill level 10 in Long Blades
 19224 | D:14     | Reached skill level 10 in Axes
 19224 | D:14     | Reached skill level 10 in Maces & Flails
 19224 | D:14     | Reached skill level 10 in Polearms
 19224 | D:14     | Reached skill level 10 in Staves
 19224 | D:14     | Reached skill level 10 in Slings
 19224 | D:14     | Reached skill level 10 in Bows
 19224 | D:14     | Reached skill level 10 in Crossbows
 19224 | D:14     | Reached skill level 10 in Throwing
 19224 | D:14     | Reached skill level 10 in Dodging
 19224 | D:14     | Reached skill level 10 in Stealth
 19224 | D:14     | Reached skill level 10 in Unarmed Combat
 19224 | D:14     | Reached skill level 10 in Spellcasting
 19224 | D:14     | Reached skill level 10 in Evocations
 19707 | D:14     | Found a roughly hewn altar of Beogh.
 20083 | D:15     | Entered Level 15 of the Dungeon
 20137 | D:15     | Found a gate leading to a gauntlet.
 20146 | Gauntlet | Entered a Gauntlet
 20146 | Gauntlet | Found a transporter.
 20146 | Gauntlet | Found a transporter.
 20168 | Gauntlet | Found a transporter.
 20180 | Gauntlet | Found a transporter.
 20184 | Gauntlet | Found a transporter.
 20196 | Gauntlet | Found a transporter.
 20197 | Gauntlet | Identified the ring of Lust {+Blink SInv}
 20206 | Gauntlet | Found a transporter.
 20226 | Gauntlet | Found a transporter.
 20230 | Gauntlet | Found a transporter.
 20240 | Gauntlet | Found a transporter.
 20244 | Gauntlet | Found a transporter.
 20283 | Gauntlet | Found a transporter.
 20528 | Gauntlet | Identified the amulet of Peejis {Gourm Fragile rElec rN++
                  | Stlth+}
 20528 | Gauntlet | Identified the amulet of Ejekhloy {Spirit rN+}
 20551 | D:15     | Reached ****** piety under Ashenzari
 20621 | D:15     | Reached XP level 16. HP: 125/127 MP: 30/30
 21597 | D:15     | Found a staircase to the Depths.
 21871 | Orc:1    | Entered Level 1 of the Orcish Mines
 22425 | Orc:2    | Entered Level 2 of the Orcish Mines
 22516 | Orc:2    | Found a staircase to the Elven Halls.
 22534 | Orc:2    | Found Urepow's Weapon Shoppe.
 23208 | Orc:2    | Found Isichoess's Gadget Emporium.
 23208 | Orc:2    | Found Loom's Assorted Antiques.
 23208 | Orc:2    | Found Cunnel's Armour Shoppe.
 23224 | Orc:2    | Found Upnaas's General Store.
 23688 | Swamp:1  | Entered Level 1 of the Swamp
 24370 | Swamp:1  | Reached XP level 17. HP: 135/135 MP: 32/32
 25344 | Swamp:3  | Found a transporter.
 25346 | Swamp:3  | Noticed MisterT's ghost (adept HOFi)
 25347 | Swamp:3  | Identified the amulet of Lejal {Inacc +Blink MP+9}
 25365 | Swamp:3  | Found a transporter.
 25378 | Swamp:3  | Found a transporter.
 25702 | Swamp:3  | Found a transporter.
 25703 | Swamp:3  | Identified the amulet of Xom's Flight of Fancy {Reflect
                  | MP+9 SH+3}
 26061 | Swamp:3  | Found a glowing silver altar of Zin.
 26372 | Swamp:4  | Entered Level 4 of the Swamp
 28861 | Swamp:4  | Got a decaying rune of Zot
 29356 | Snake:1  | Entered Level 1 of the Snake Pit
 29816 | Lair:3   | Learned a level 5 spell: Borgnjor's Vile Clutch
 29832 | Snake:1  | Reached skill level 10 in Conjurations
 29832 | Snake:1  | Reached skill level 10 in Hexes
 29832 | Snake:1  | Reached skill level 10 in Charms
 29832 | Snake:1  | Reached skill level 10 in Summonings
 29832 | Snake:1  | Reached skill level 10 in Necromancy
 29832 | Snake:1  | Reached skill level 10 in Translocations
 29832 | Snake:1  | Reached skill level 10 in Transmutations
 29832 | Snake:1  | Reached skill level 10 in Fire Magic
 29832 | Snake:1  | Reached skill level 10 in Ice Magic
 29832 | Snake:1  | Reached skill level 10 in Air Magic
 29832 | Snake:1  | Reached skill level 10 in Earth Magic
 29832 | Snake:1  | Reached skill level 10 in Poison Magic
 29985 | Snake:1  | Reached XP level 18. HP: 86/143 MP: 33/33
 30448 | Snake:1  | Found Toasudeth's General Store.
 30460 | Snake:1  | Bought a scroll of teleportation for 42 gold pieces
 30870 | Snake:1  | Found Voamun's Jewellery Emporium.
 30870 | Snake:1  | Found Cussait's Gadget Shop.
 30871 | Snake:1  | Found Pafusaar's Jewellery Emporium.
 30876 | Snake:1  | Bought an uncursed ring of wizardry for 390 gold pieces
 30885 | Snake:1  | Bought the ring "Povuca" {MR+ Int+10} for 848 gold pieces
 30885 | Snake:1  | Bought the amulet of Tulips {rElec rN+ Regen+ Dex+5} for
                  | 939 gold pieces
 30899 | Snake:1  | Learned a level 6 spell: Invisibility
 31049 | Snake:2  | Found Nuth's Jewellery Shop.
 32386 | Snake:3  | Found a shimmering altar of Xom.
 32438 | Snake:3  | Identified Roxanne's Handbook of Earth
 32438 | Snake:3  | Noticed Roxanne
 33249 | Snake:3  | Killed Roxanne
 33489 | Snake:3  | Learned a level 6 spell: Statue Form
 33835 | Snake:4  | Entered Level 4 of the Snake Pit
 33990 | Snake:4  | Reached XP level 19. HP: 151/151 MP: 35/35
 33992 | Snake:4  | Noticed Aizul
 34009 | Snake:4  | Killed Aizul
 34246 | Snake:4  | Noticed Asterion
 34257 | Snake:4  | Killed Asterion
 34284 | Snake:4  | Noticed Louise
 34296 | Snake:4  | Killed Louise
 35100 | Snake:4  | Got a serpentine rune of Zot
 35651 | Vaults:1 | Entered Level 1 of the Vaults
 36278 | Vaults:1 | Reached XP level 20. HP: 159/159 MP: 33/36
 37677 | Vaults:2 | Found a runed translucent gate.
 37677 | Vaults:2 | Found a runed translucent gate.
 37677 | Vaults:2 | Found a runed translucent gate.
 38081 | Vaults:2 | Found a portal to a secret trove of treasure.
 38196 | Vaults:2 | Noticed utis's ghost (adept TeCj)
 38229 | Vaults:2 | Killed utis's ghost
 38240 | Vaults:2 | Got the uncursed pair of gloves "Ziuhut" {rF+ rC- MR+++
                  | Stlth+}
 38426 | Vaults:3 | Found a staircase to the Crypt.
 38552 | Vaults:3 | Found Agiubruemm's Assorted Antiques.
 38561 | Vaults:3 | Bought a scroll of enchant weapon for 337 gold pieces
 39502 | Vaults:4 | Identified the ring of the Catamount {rF+ Dex+4 Slay+1
                  | SInv}
 39690 | Vaults:4 | Reached XP level 21. HP: 166/166 MP: 38/38
 40202 | Vaults:4 | Found a sparkling altar of Nemelex Xobeh.
 40776 | Vaults:4 | Reached skill level 15 in Fighting
 40776 | Vaults:4 | Reached skill level 15 in Armour
 40776 | Vaults:4 | Reached skill level 15 in Shields
 40888 | Vaults:4 | Paralysed by a floating eye for 2 turns
 40903 | Vaults:4 | Noticed Mennas
 40916 | Vaults:4 | Reached skill level 15 in Invocations
 40920 | Vaults:4 | Killed Mennas
 42106 | D:9      | Killed BattleRest's ghost
 42179 | Elf:1    | Entered Level 1 of the Elven Halls
 42184 | Elf:1    | Reached XP level 22. HP: 175/175 MP: 33/40
 42267 | Elf:1    | Found Afeinoejo's Antique Weapon Shoppe.
 42267 | Elf:1    | Found Iviyblun's Antique Armour Emporium.
 42268 | Elf:1    | Found Fuzxeogun's Jewellery Shoppe.
 42273 | Elf:1    | Found Qipol's Food Emporium.
 42542 | Elf:1    | Found an ancient bone altar of Kikubaaqudgha.
 42731 | Elf:1    | Found Vyuqiceo's Armour Shoppe.
 43085 | Elf:2    | Found a runed translucent gate.
 43085 | Elf:2    | Found a runed translucent gate.
 43394 | Elf:2    | Found a runed translucent gate.
 43647 | Elf:2    | Noticed Donald
 43690 | Elf:2    | Killed Donald
 44087 | Elf:3    | Entered Level 3 of the Elven Halls
 44171 | Elf:3    | Reached skill level 15 in Short Blades
 44171 | Elf:3    | Identified the ring of Ephemeral Luck {rF+ Str+7 Dex-2}
 44501 | Elf:3    | Found Qotiwimm's Assorted Antiques.
 44628 | Elf:3    | Identified the +3 morningstar of True Grit {speed, rF++
                  | Str+4 Dex+4}
 44641 | Elf:3    | Identified the ring of Hospitality {rCorr Int+6}
 44884 | Elf:3    | Identified the ring "Kisk" {rF+ MP+9 Str+2}
 45462 | Elf:3    | Identified the Almanac of Nocuous Enchantment
 45470 | Elf:3    | Identified the Collected Works on Congealing Changing
 45803 | Depths:1 | Entered Level 1 of the Depths
 45804 | Depths:1 | Upgraded the game from 0.25-a0-661-g55ea3d2053 to
                  | 0.25-a0-663-gace7076f2c
 45808 | Depths:1 | Learned a level 3 spell: Lesser Beckoning
 45819 | Depths:1 | Learned a level 6 spell: Darkness
 45835 | Depths:1 | Learned a level 5 spell: Irradiate
 45891 | Depths:1 | Reached XP level 23. HP: 183/183 MP: 35/41
 46178 | Depths:1 | Found a gateway to Hell.
 47214 | Depths:1 | Identified the Catalogue of Evil Bewitchment
 47221 | Depths:1 | Identified a scroll of acquirement
 47386 | Depths:2 | Reached skill level 15 in Long Blades
 47386 | Depths:2 | Reached skill level 15 in Axes
 47386 | Depths:2 | Reached skill level 15 in Maces & Flails
 47386 | Depths:2 | Reached skill level 15 in Polearms
 47386 | Depths:2 | Reached skill level 15 in Staves
 47386 | Depths:2 | Reached skill level 15 in Slings
 47386 | Depths:2 | Reached skill level 15 in Bows
 47386 | Depths:2 | Reached skill level 15 in Crossbows
 47386 | Depths:2 | Reached skill level 15 in Throwing
 47386 | Depths:2 | Reached skill level 15 in Dodging
 47386 | Depths:2 | Reached skill level 15 in Stealth
 47386 | Depths:2 | Reached skill level 15 in Unarmed Combat
 47386 | Depths:2 | Reached skill level 15 in Spellcasting
 47386 | Depths:2 | Reached skill level 15 in Evocations
 47410 | Depths:2 | Identified the ring "Feczil" {rCorr Int+2}
 47534 | Depths:2 | Identified the +10 long sword "Grim" {venom, +Fly Int+2
                  | Dex-4}
 48437 | Depths:2 | Reached XP level 24. HP: 191/191 MP: 42/42
 48979 | Depths:3 | Found a one-way gate leading to the halls of Pandemonium.
 48982 | Depths:3 | Noticed Sojobo
 49010 | Depths:3 | Killed Sojobo
 49628 | Depths:3 | Noticed Boris
 49645 | Depths:3 | Killed Boris
 49726 | Depths:3 | Found a transporter.
 49783 | Depths:3 | Found a gateway to a ziggurat.
 49809 | Depths:3 | Noticed a juggernaut
 49824 | Depths:3 | Found a transporter.
 49826 | Depths:3 | Noticed Fiahyu Evua's ghost (veteran MiBe)
 50227 | Depths:4 | Found Zeppof's Antique Weapon Shoppe.
 50247 | Depths:4 | Found a one-way gate to the infinite horrors of the Abyss.
 50280 | Depths:4 | Noticed Jory
 50294 | Depths:4 | Killed Jory
 50362 | Depths:4 | Learned a level 5 spell: Aura of Abjuration
 50899 | Depths:4 | Found Nuocime's Distillery.
 50912 | Depths:4 | Bought a potion of heal wounds for 70 gold pieces
 50912 | Depths:4 | Bought a potion of heal wounds for 70 gold pieces
 50912 | Depths:4 | Bought a potion of heal wounds for 70 gold pieces
 50947 | Depths:4 | Identified the +3 war axe of Rajerok {elec, rElec rC- Dex+5
                  | Stlth+}
 50947 | Depths:4 | Found the +8 longbow "Zephyr" {speed, Dex+3 SInv}
 50965 | Depths:4 | Reached XP level 25. HP: 165/200 MP: 32/42
 51252 | Depths:4 | Noticed a juggernaut
 51258 | Depths:4 | Killed a juggernaut
 51883 | Depths:5 | Entered Level 5 of the Depths
 51883 | Depths:5 | Noticed Xtahua
 51895 | Depths:5 | Killed Xtahua
 51989 | Depths:5 | Identified the cursed +3 helmet of Generosity {*Corrode
                  | rF+++ Int+4 Dex+4} (You acquired it on level 5 of the
                  | Depths)
 52011 | Depths:5 | Found a gate to the Realm of Zot.
 52313 | Depths:5 | Identified the amulet "Sumadgh" {Gourm rPois rF+}
 52322 | Depths:5 | Paralysed by a floating eye for 3 turns
 53317 | Vaults:5 | Entered Level 5 of the Vaults
 53851 | Vaults:5 | Reached XP level 26. HP: 208/208 MP: 38/43
 53887 | Vaults:5 | Identified the +12 whip of Terror {vamp, rPois rF+ Dex-3
                  | Stlth+}
 54150 | Vaults:5 | Noticed an ancient lich
 54162 | Vaults:5 | Killed an ancient lich
 54566 | Vaults:5 | Identified the Compendium of the Firefly
 54735 | Vaults:5 | Got a silver rune of Zot
 54838 | Vaults:5 | Noticed an ancient lich
 54865 | Vaults:5 | Killed an ancient lich
 55553 | Zot:1    | Entered Level 1 of the Realm of Zot
 55970 | Zot:1    | Reached XP level 27. HP: 138/217 MP: 23/44
 57634 | Zot:3    | Noticed an ancient lich
 57653 | Zot:3    | Killed an ancient lich
 57910 | Zot:3    | Gained mutation: You expend magic power (3 MP) to
                  | strengthen your wands. [potion of mutation]
 57910 | Zot:3    | Gained mutation: You are dopey. (Int -2) [potion of
                  | mutation]
 57910 | Zot:3    | Gained mutation: You are surrounded by a mild repulsion
                  | field. (EV +2) [potion of mutation]
 58247 | Zot:3    | Reached skill level 15 in Conjurations
 58247 | Zot:3    | Reached skill level 15 in Hexes
 58247 | Zot:3    | Reached skill level 15 in Charms
 58247 | Zot:3    | Reached skill level 15 in Summonings
 58247 | Zot:3    | Reached skill level 15 in Necromancy
 58247 | Zot:3    | Reached skill level 15 in Translocations
 58247 | Zot:3    | Reached skill level 15 in Transmutations
 58247 | Zot:3    | Reached skill level 15 in Fire Magic
 58247 | Zot:3    | Reached skill level 15 in Ice Magic
 58247 | Zot:3    | Reached skill level 15 in Air Magic
 58247 | Zot:3    | Reached skill level 15 in Earth Magic
 58247 | Zot:3    | Reached skill level 15 in Poison Magic
 59005 | Zot:4    | Identified the +4 dragonskin cloak
 59005 | Zot:4    | Noticed Tiamat
 59258 | Zot:4    | Killed Tiamat
 60281 | Zot:5    | Entered Level 5 of the Realm of Zot
 60709 | Zot:5    | Noticed an orb of fire
 60710 | Zot:5    | Gained mutation: Your body sometimes deteriorates upon
                  | taking damage. [an orb of fire]
 60715 | Zot:5    | Noticed an ancient lich
 60717 | Zot:5    | Noticed an ancient lich
 60717 | Zot:5    | Gained mutation: Your magical capacity is low. (-10% MP)
                  | [an orb of fire]
 60717 | Zot:5    | Noticed an ancient lich
 60719 | Zot:5    | Noticed an ancient lich
 60721 | Zot:5    | Noticed an ancient lich
 60721 | Zot:5    | Killed an ancient lich
 60724 | Zot:5    | Gained mutation: You occasionally shout uncontrollably at
                  | your foes. [an orb of fire]
 60725 | Zot:5    | Killed an orb of fire
 60726 | Zot:5    | Killed an ancient lich
 60727 | Zot:5    | Killed an ancient lich
 60727 | Zot:5    | Killed an ancient lich
 60740 | Zot:5    | Noticed an ancient lich
 60770 | Zot:5    | Noticed an orb of fire
 60791 | Zot:5    | Gained mutation: Your body often deteriorates upon taking
                  | damage. [mutagenic glow]
 61115 | Zot:5    | Killed an ancient lich
 61122 | Zot:5    | Noticed an orb of fire
 61150 | Zot:5    | Gained mutation: You tend to lose your temper in combat.
                  | [an orb of fire]
 61153 | Zot:5    | Gained mutation: You are frail. (-10% HP) [an orb of fire]
 61157 | Zot:5    | Gained mutation: You are clumsy. (Dex -2) [an orb of fire]
 61158 | Zot:5    | Killed an orb of fire
 61294 | Zot:5    | Gained mutation: You are weak. (Str -2) [an orb of fire]
 61295 | Zot:5    | Killed an orb of fire
 61478 | Zot:5    | Killed an ancient lich
 61492 | Zot:5    | Learned a level 1 spell: Apportation
 61496 | Zot:5    | Noticed an ancient lich
 61500 | Zot:5    | Noticed an ancient lich
 61515 | Zot:5    | Noticed an ancient lich
 61519 | Zot:5    | Killed an ancient lich
 61523 | Zot:5    | Killed an ancient lich
 61529 | Zot:5    | Noticed an ancient lich
 61539 | Zot:5    | Killed an ancient lich
 61545 | Zot:5    | Slain by a quicksilver dragon

Levels and vault maps discovered:
D:1:      onia_arrival_zoo_common, layout_loops_ring, skrybe_limestone_x
D:2:      layout_loops_ring, xom_redecorated
D:3:      wander_river, layout_basic
D:4:      layout_loops_ring, serial_shops, kennysheep_mini_moat
D:5:      wander_guarded_unrand_ratskin, layout_basic,
          minmay_temple_entry_fiery, first_ration, sigmund_army
D:6:      layout_rooms, serial_shops, nicolae_shop_trees
D:7:      layout_rooms, grunt_gozag_breadcrumbs
D:8:      gammafunk_steamed_eel, layout_basic, enter_ossuary_1, basic_altar,
          grunt_livestock
D:9:      layout_basic, orc_0_dummy, gammafunk_ghost_nasty_kobolds,
          minmay_misc_feat_columns
D:10:     layout_gridville, serial_shops, shop, nrook_loot_triangle,
          nrook_guardian_serpent_ordinary
D:11:     layout_cave_pools, lair_entry_dummy, hangedman_decor_clover_reticule,
          grunt_qazlal_clouds, uniq_gastronok
D:12:     layout_big_octagon, kennysheep_another_room, eino_jars, uniq_psyche
D:13:     layout_roguey, hangedman_vaults_entry_quadrant_bands
D:14:     layout_roguey [special_room_orc], uniq_kirke
D:15:     grunt_enter_depths_magical_seal, layout_irregular_city,
          gauntlet_entry_generic, minmay_misc_feat_four_crosses
Temple:   kilobyte_greek_temple
Lair:1:   layout_small_grid, st_stairs_13, worms_lemuel
Lair:2:   layout_roguey, nicolae_volcano_entry_lava_flow
Lair:3:   layout_hall_layers, guppyfry_snake_entry_garden
Lair:4:   layout_big_grid, skrybe_swamp_entry_bodies, st_stairs_3,
          beast_lair_carwin_3, uniq_rupert
Lair:5:   regret_index_bee_streams, layout_gridlike, slime_altar_1, basic_altar
Lair:6:   gammafunk_lair_ancient_temple, layout_regular_city,
          minmay_another_anthill
Swamp:1:  layout_basic_swamp, evilmike_swamp_ruin_rubble_2, swamp_pool1
Swamp:2:  layout_falls_marsh, evilmike_swamp_ruin_rubble_1
Swamp:3:  gammafunk_worm_tunnel, layout_basic_swamp,
          gammafunk_ghost_berserking_beasts, lemuel_altar_in_water
Swamp:4:  swamp_icy, layout_basic_swamp, swamp_pool3
Snake:1:  layout_gridlike, serial_shops, shop, nicolae_snake_lava_pool,
          minmay_shop_grove, grunt_megastairs_2
Snake:2:  layout_basic, serial_shops, shop
Snake:3:  layout_misc_corridors, basic_altar, uniq_roxanne
Snake:4:  grunt_snake_rune_pools, layout_misc_corridors, grunt_ministairs_6,
          uniq_aizul, uniq_asterion, uniq_louise
Orc:1:    layout_diamond_mine, nicolae_orc_pool_cavern
Orc:2:    st_orc_mages, layout_caves, serial_shops, shop_statue
Elf:1:    layout_geoelf_diagonals, serial_shops, shop, basic_altar,
          kennysheep_underground_church, minmay_shoptagon
Elf:2:    layout_onion_city, minivault_4, uniq_donald
Elf:3:    grunt_elf_hall_diamonds, layout_geoelf_octagon, serial_shops, shop
Vaults:1: hangedman_vaults_snaps, v_misc_26, nicolae_vaults_quartermaster,
          nicolae_vaults_ring_of_whatevers, vaults_room_corners,
          nicolae_vaults_network_star, nicolae_vaults_twisting_passages,
          v_alt_pattern_4, layout_vaults_omnigrid
Vaults:2: gammafunk_vaults_ghost_spectres, vaults_dpeg_encased_lava,
          vaults_dpeg_diagonal, nicolae_vaults_little_squares_3, v_misc_14,
          vaults_room_stairs_pillars, nicolae_vaults_asterisk,
          hangedman_vaults_trim, grunt_vaults_diagonal, vaults_room_pools,
          layout_vaults_big_room, enter_trove_2
Vaults:3: blue_anna_dwarven_crypt, hangedman_vaults_slither,
          vaults_room_glass_cross, nicolae_vaults_three_branches,
          hangedman_vaults_locks, v_misc_28, ontoclasm_vaults_shuriken,
          ontoclasm_vaults_eye, ontoclasm_vaults_idyll, v_misc_14,
          layout_vaults_ring, serial_shops, shop_fountains
Vaults:4: st_greater_box_1, v_misc_23, v_misc_5, ontoclasm_vaults_spin,
          nicolae_vaults_yaktaur_gun_rack, vaults_dpeg_cross,
          nicolae_vaults_theta, grunt_vaults_funnel, ontoclasm_vaults_bender,
          nicolae_vaults_back_hallway, nicolae_vaults_specimen_jars, v_misc_13,
          layout_vaults_maze, basic_altar, uniq_mennas
Vaults:5
Depths:1: cheibrodos_lost_city_excavation, layout_basic, hell_entry,
          minmay_stone_trees_large, drop_trap, serial_bayou_ford_a,
          kennysheep_big_empty_room, minmay_checkered_concentric_circles
Depths:2: gammafunk_mikee_crab_dinner, layout_cave_pools, serial_bayou_pond_a,
          pf_coc_iceberg, infiniplex_staircase_pillars_3a
Depths:3: hangedman_screamer, layout_gridlike, enter_ziggurat_f,
          minmay_parallelograms, gammafunk_ghost_arena, pan_entry, hellmouth_1,
          uniq_sojobo
Depths:4: minmay_the_grid_triangle_9x9_recursive_2
          [minmay_the_grid_triangle_9x9_prize_insulated,
          minmay_the_grid_triangle_9x9_negative_grid,
          minmay_the_grid_triangle_9x9_intruding_spiral,
          minmay_the_grid_triangle_9x9_impossible_snake], layout_gridlike,
          serial_shops, shop, shop, hangedman_abyss_or_decor_slice, abyss_entry,
          mu_enter_wizlab_3, pf_hell_entry_tar_river, chequers_big_river,
          kennysheep_two_boxes, uniq_jory
Depths:5: grunt_twist_and_shout, layout_gridlike, corexii_leaking_fountain,
          hell_entry, uniq_xtahua
Zot:1:    kennysheep_spiral_hall, layout_basic
Zot:2:    layout_twisted_circle
Zot:3:    ebering_klown_carousel, layout_basic
Zot:4:    layout_basic, st_stairs_8, amethyst_zot_foddershock,
          grunt_megastairs_4, uniq_tiamat
Zot:5:    layout_twisted_circle, hangedman_zot_decor_slant

Skill      XL: |  1  2  3  4  5  6  7  8  9 10 11 12 13 14 15 16 17 18 19 20 21 22 23 24 25 26 27 |
---------------+----------------------------------------------------------------------------------+-----
Invocations    | 1 2 3 4 5 6 7 8 9 10 11 12 13 14 15 16 17 18 19 | 19.7
Long Blades    | 1 2 3 4 5 6 7 8 9 10 11 12 13 14 15 16 17 18 | 18.4
Axes           | 1 2 3 4 5 6 7 8 9 10 11 12 13 14 15 16 17 18 | 18.4
Maces & Flails | 1 2 3 4 5 6 7 8 9 10 11 12 13 14 15 16 17 18 | 18.4
Polearms       | 1 2 3 4 5 6 7 8 9 10 11 12 13 14 15 16 17 18 | 18.4
Staves         | 1 2 3 4 5 6 7 8 9 10 11 12 13 14 15 16 17 18 | 18.4
Slings         | 1 2 3 4 5 6 7 8 9 10 11 12 13 14 15 16 17 18 | 18.4
Bows           | 1 2 3 4 5 6 7 8 9 10 11 12 13 14 15 16 17 18 | 18.4
Crossbows      | 1 2 3 4 5 6 7 8 9 10 11 12 13 14 15 16 17 18 | 18.4
Throwing       | 1 2 3 4 5 6 7 8 9 10 11 12 13 14 15 16 17 18 | 18.4
Dodging        | 1 2 3 4 5 6 7 8 9 10 11 12 13 14 15 16 17 18 | 18.4
Stealth        | 1 2 3 4 5 6 7 8 9 10 11 12 13 14 15 16 17 18 | 18.4
Unarmed Combat | 1 2 3 4 5 6 7 8 9 10 11 12 13 14 15 16 17 18 | 18.4
Spellcasting   | 1 2 3 4 5 6 7 8 9 10 11 12 13 14 15 16 17 18 | 18.4
Evocations     | 1 2 3 4 5 6 7 8 9 10 11 12 13 14 15 16 17 18 | 18.4
Conjurations   | 1 2 3 4 5 6 7 8 9 10 11 12 13 14 15 | 15.8
Hexes          | 1 2 3 4 5 6 7 8 9 10 11 12 13 14 15 | 15.8
Charms         | 1 2 3 4 5 6 7 8 9 10 11 12 13 14 15 | 15.8
Summonings     | 1 2 3 4 5 6 7 8 9 10 11 12 13 14 15 | 15.8
Necromancy     | 1 2 3 4 5 6 7 8 9 10 11 12 13 14 15 | 15.8
Translocations | 1 2 3 4 5 6 7 8 9 10 11 12 13 14 15 | 15.8
Transmutations | 1 2 3 4 5 6 7 8 9 10 11 12 13 14 15 | 15.8
Fire Magic     | 1 2 3 4 5 6 7 8 9 10 11 12 13 14 15 | 15.8
Ice Magic      | 1 2 3 4 5 6 7 8 9 10 11 12 13 14 15 | 15.8
Air Magic      | 1 2 3 4 5 6 7 8 9 10 11 12 13 14 15 | 15.8
Earth Magic    | 1 2 3 4 5 6 7 8 9 10 11 12 13 14 15 | 15.8
Poison Magic   | 1 2 3 4 5 6 7 8 9 10 11 12 13 14 15 | 15.8
Short Blades   | 5 6 7 8 9 10 11 12 13 14 15 16 17 18 | 18.8
Fighting       | 7 8 9 10 11 12 13 14 15 16 17 19 | 19.1
Armour         | 7 8 9 10 11 12 13 14 15 16 17 19 | 19.1
Shields        | 7 8 9 10 11 12 13 14 15 16 17 19 | 19.1

Action                   |  1- 3 |  4- 6 |  7- 9 | 10-12 | 13-15 | 16-18 | 19-21 | 22-24 | 25-27 || total
-------------------------+-------+-------+-------+-------+-------+-------+-------+-------+-------++-------
Melee: Rapier            |   106 |   149 |    21 |       |       |       |       |       |       ||   276
       Bite              |    10 |    16 |    94 |   121 |   210 |   225 |   148 |   157 |   235 ||  1216
       Long sword        |       |       |   236 |    56 |       |       |       |       |       ||   292
       Short sword       |       |       |   382 |   392 |       |       |       |       |       ||   774
       Eveningstar       |       |       |       |    82 |       |       |       |       |       ||    82
       Demon trident     |       |       |       |   266 |  1595 |  1938 |  1194 |  1264 |  1602 ||  7859
Throw: Javelin           |       |       |       |       |       |       |       |     3 |     4 ||     7
 Cast: Borgnjor's Vile C |       |       |       |       |       |    13 |    63 |    61 |    38 ||   175
       Statue Form       |       |       |       |       |       |     4 |    65 |    74 |    92 ||   235
       Irradiate         |       |       |       |       |       |       |       |    15 |    54 ||    69
       Lesser Beckoning  |       |       |       |       |       |       |       |     5 |     5 ||    10
       Darkness          |       |       |       |       |       |       |       |     1 |     1 ||     2
       Aura of Abjuratio |       |       |       |       |       |       |       |       |     1 ||     1
Invok: Curse Item        |       |       |     2 |     2 |     1 |     1 |       |       |       ||     6
 Abil: Evoke Ratskin     |       |       |       |       |     1 |       |       |     1 |       ||     2
Evoke: Wand              |       |       |       |     3 |     5 |    22 |     6 |    15 |     4 ||    55
       Lamp of fire      |       |       |       |       |       |       |       |       |     2 ||     2
  Use: Scroll            |       |       |    10 |     9 |    13 |     6 |     4 |     5 |    19 ||    66
       Potion            |       |       |       |     4 |     2 |     1 |     1 |     2 |    14 ||    24
 Stab: Distracted        |       |       |       |     1 |       |     3 |     4 |     6 |    10 ||    24
       Confused          |       |       |       |       |       |     1 |       |       |       ||     1
       Sleeping          |       |       |       |       |       |    12 |    14 |    21 |    16 ||    63
       Invisible         |       |       |       |       |       |       |       |       |     2 ||     2
  Eat: Chunk             |       |     6 |    11 |    22 |    25 |    26 |    37 |    35 |    26 ||   188
       Ration            |       |       |       |     2 |     1 |     7 |     3 |     4 |     5 ||    22
Armor: Scale mail        |    25 |    44 |     4 |       |       |       |       |       |       ||    73
       Chain mail        |       |       |   197 |   222 |       |       |       |       |       ||   419
       Plate armour      |       |       |       |    47 |   446 |   307 |       |       |       ||   800
       Ice dragon scales |       |       |       |       |       |    65 |     9 |    22 |    22 ||   118
       Skin              |       |       |       |       |       |    21 |   264 |   270 |   380 ||   935
Dodge: Dodged            |    23 |    40 |   106 |   168 |   278 |   417 |   666 |   575 |  1171 ||  3444
Block: Kite shield       |    42 |    58 |   415 |   580 |  1029 |  1191 |  1139 |   939 |  1532 ||  6925
       Reflection        |       |       |       |    43 |    33 |    85 |   116 |    84 |    54 ||   415
       Rpst.: Long sword |       |       |    14 |     3 |       |       |       |       |       ||    17

Table legend:
 A = Non-vault XP
 B = Vault XP
 C = Vault XP percentage of total XP
 D = Non-vault monster count
 E = Vault monster count
 F = Vault count percentage of total count
                 A         B        C        D         E       F
            +---------+---------+-------+---------+---------+-------
      Total |  865357 |  801115 |  48.1 |    1605 |     879 |  35.4
            +---------+---------+-------+---------+---------+-------
        D:1 |      39 |       0 |   0.0 |      23 |       0 |   0.0
        D:2 |      57 |       0 |   0.0 |      17 |       0 |   0.0
        D:3 |      56 |       0 |   0.0 |      13 |       0 |   0.0
        D:4 |     567 |       0 |   0.0 |      17 |       0 |   0.0
        D:5 |     917 |     132 |  12.6 |      24 |      23 |  48.9
        D:6 |    1252 |       0 |   0.0 |      30 |       0 |   0.0
        D:7 |     758 |       0 |   0.0 |      11 |       0 |   0.0
        D:8 |     694 |    1178 |  62.9 |      10 |       8 |  44.4
        D:9 |    1942 |    2179 |  52.9 |      33 |      11 |  25.0
       D:10 |    2563 |     442 |  14.7 |      31 |       1 |   3.1
       D:11 |    3213 |    2099 |  39.5 |      37 |       1 |   2.6
       D:12 |    3509 |    1080 |  23.5 |      30 |       8 |  21.1
       D:13 |    3659 |    4845 |  57.0 |      15 |      18 |  54.5
       D:14 |   17592 |    3776 |  17.7 |      57 |      29 |  33.7
       D:15 |   20718 |    5341 |  20.5 |      42 |       9 |  17.6
     Lair:1 |    2153 |    1199 |  35.8 |       6 |       5 |  45.5
     Lair:2 |    6739 |       0 |   0.0 |      25 |       0 |   0.0
     Lair:3 |    1527 |     320 |  17.3 |       4 |       2 |  33.3
     Lair:4 |   10353 |    5231 |  33.6 |      44 |       9 |  17.0
     Lair:5 |    5000 |   11382 |  69.5 |      27 |      65 |  70.7
     Lair:6 |   13521 |   12109 |  47.2 |      39 |      43 |  52.4
    Swamp:1 |    8696 |       0 |   0.0 |      37 |       0 |   0.0
    Swamp:2 |    9930 |       0 |   0.0 |      29 |       0 |   0.0
    Swamp:3 |   14669 |       0 |   0.0 |      42 |       0 |   0.0
    Swamp:4 |   19155 |    8069 |  29.6 |      52 |      31 |  37.3
    Snake:1 |   16859 |    6960 |  29.2 |      28 |      19 |  40.4
    Snake:2 |   12023 |       0 |   0.0 |      22 |       0 |   0.0
    Snake:3 |   28531 |    2058 |   6.7 |      47 |       1 |   2.1
    Snake:4 |   34247 |   37720 |  52.4 |      63 |      63 |  50.0
      Orc:1 |    2930 |     601 |  17.0 |      23 |       4 |  14.8
      Orc:2 |   11703 |    5168 |  30.6 |      36 |      37 |  50.7
      Elf:1 |    3309 |    4043 |  55.0 |       5 |       6 |  54.5
      Elf:2 |   20072 |   24208 |  54.7 |      32 |      29 |  47.5
      Elf:3 |   18158 |   40103 |  68.8 |      27 |      26 |  49.1
   Vaults:1 |   22327 |   24394 |  52.2 |      54 |      46 |  46.0
   Vaults:2 |   19158 |    8418 |  30.5 |      29 |      15 |  34.1
   Vaults:3 |   15576 |   23521 |  60.2 |      42 |      28 |  40.0
   Vaults:4 |   39824 |   65504 |  62.2 |      59 |      46 |  43.8
   Vaults:5 |   38709 |  122596 |  76.0 |      51 |      83 |  61.9
   Depths:1 |   40144 |   20544 |  33.9 |      58 |      15 |  20.5
   Depths:2 |   73040 |    8071 |  10.0 |      85 |      15 |  15.0
   Depths:3 |   29755 |   39875 |  57.3 |      34 |      39 |  53.4
   Depths:4 |   41090 |   36236 |  46.9 |      49 |      21 |  30.0
   Depths:5 |   37071 |   27924 |  43.0 |      41 |      14 |  25.5
      Zot:1 |   53811 |    7419 |  12.1 |      32 |       4 |  11.1
      Zot:2 |   23674 |       0 |   0.0 |      12 |       0 |   0.0
      Zot:3 |   61529 |   25316 |  29.2 |      35 |       5 |  12.5
      Zot:4 |   42031 |   35161 |  45.6 |      29 |      16 |  35.6
      Zot:5 |   30507 |  168199 |  84.6 |      17 |      37 |  68.5
    Ossuary |       0 |     563 | 100.0 |       0 |      32 | 100.0
    Volcano |       0 |    3005 | 100.0 |       0 |       7 | 100.0
   Gauntlet |       0 |    4126 | 100.0 |       0 |       8 | 100.0
            +---------+---------+-------+---------+---------+-------
